Cogmind - Beta 14 @@@ ROGUE MODE // 2024.08.27 @ 17:29:45 Player: CONM Result: Destroyed by G-47 Trooper with Particle Gun Performance ------------- Evolutions (2) 1000 Regions Visited (4) 800 Robots Destroyed (23) 115 Value Destroyed (566) 566 Prototype IDs (1) 20 Alien Tech Used (0) 0 Bonus (0) 0 TOTAL SCORE: 2501 Bonus ------- None Cogmind --------- Core Integrity 0/550 Matter 292/300 Energy 100/100 System Corruption 0% Temperature Cool (9) Movement Core (50) Location -8/Materials Parts ------- > --- POWER (1) -------- (None) > --- PROPULSION (4) --- (None) > --- UTILITY (4) ------ (None) > --- WEAPON (2) ------- (None) > --- INVENTORY (5) ---- Subdweller Optics Improved Terrain Scanner Melee Analysis Suite Subdweller Beam Cannon Peak State ------------ > --- POWER ------------ Improved Ion Engine > --- PROPULSION ------- Aluminum Leg Subdweller Monowheel Subdweller Monowheel > --- UTILITY ---------- Small Storage Unit Makeshift Light Armor Plating Scrap Shield > --- WEAPON ----------- Subdweller Beam Cannon Heavy Assault Rifle > --- INVENTORY -------- Subdweller Power Source Hover Unit High-capacity Storage Unit Subdweller Optics Improved Terrain Scanner Beam Rifle Heavy Particle Gun Light Assault Rifle [Rating: 21] Favorites ----------- Power Light Ion Engine Engine Light Ion Engine Propulsion Aluminum Leg Leg Aluminum Leg Wheel Subdweller Monowheel Utility Small Storage Unit Device Seismic Detector Storage Small Storage Unit Protection Makeshift Light Armor Plating Weapon Light Assault Rifle Energy Gun Small Laser Energy Cannon Subdweller Beam Cannon Ballistic Gun Light Assault Rifle Build | -11 -10 -10 -10 -8 ------- Run | Yrd Mat Min Sub Mat Slots Evolved 4 | . . . . 4 Power . | . . . . . Propulsion 2 | . . . . 2 Utility 2 | . . . . 2 Weapon . | . . . . . Parts Attached 30 | 8 . 4 5 13 Power 7 | 2 . 1 1 3 Engine 7 | 2 . 1 1 3 Core . | . . . . . Reactor . | . . . . . Propulsion 6 | 2 . . 2 2 Treads . | . . . . . Leg 3 | 2 . . . 1 Wheel 3 | . . . 2 1 Hover . | . . . . . Flight . | . . . . . Utility 6 | 2 . . 1 3 Device 2 | 1 . . . 1 Storage 2 | 1 . . . 1 Processor . | . . . . . Hackware . | . . . . . Protection 2 | . . . 1 1 Artifact . | . . . . . Weapon 11 | 2 . 3 1 5 Energy Gun 3 | 1 . . . 2 Energy Cannon 2 | . . . 1 1 Ballistic Gun 6 | 1 . 3 . 2 Ballistic Cannon . | . . . . . Launcher . | . . . . . Special Weapon . | . . . . . Impact Weapon . | . . . . . Slashing Weapon . | . . . . . Piercing Weapon . | . . . . . Special Melee Weapon . | . . . . . Unidentified Prototypes 1 | . . . . 1 Parts Lost 16 | . . 2 4 10 Power 3 | . . 1 1 1 Propulsion 6 | . . . 2 4 Utility 3 | . . 1 . 2 Weapon 4 | . . . 1 3 Highest Loss Streak 5 | . . 2 2 5 To Critical Strikes . | . . . . . Average Slot Usage (%) 81 | . 100 84 84 56 Engine 11 | . 14 12 13 6 Leg 22 | . 28 28 25 6 Wheel 3 | . . . 1 11 Device 2 | . 14 . . . Storage 12 | . 14 14 14 7 Protection 2 | . . . 1 11 Energy Gun 3 | . 14 1 . 1 Energy Cannon 2 | . . . 2 6 Ballistic Gun 19 | . 14 26 25 6 Peak Build Rating 21 | 7 8 8 13 21 Average Rating 8 | 5 7 6 7 14 On Entrance 7 | . 7 8 7 13 Naked Turns 71 | . . . . 71 Heaviest Build 80 | 13 13 10 21 80 Greatest Support 40 | 20 20 20 20 40 Greatest Overweight (x) 4 | . . . 1 4 Average Overweight (x) . | . . . . . Largest Inventory Capacity 20 | 8 8 8 8 20 Average Capacity 9 | 7 8 8 8 14 Most Carried 11 | 6 8 8 8 11 Average Carried 7 | 2 7 8 7 8 Final Capacity 8 | 8 8 8 8 5 Final Carried 8 | 6 8 8 8 4 Class Distribution -------------------- 88% | Mutant 7% | Subdweller-Mutant 3% | Scavenger-Mutant Dominant Class ---------------- Mutant | -10/Materials Mutant | -10/Mines Mutant | -10/Subcaves Subdweller-Mutant | -8/Materials Resources | -11 -10 -10 -10 -8 ----------- Run | Yrd Mat Min Sub Mat Matter Collected 566 | 292 23 33 60 158 Remotely . | . . . . . Salvage Created 741 | 147 80 53 142 319 Parts 63 | 14 8 6 20 15 Haulers Intercepted . | . . . . . Recyclers Shooed 2 | 1 1 . . . Parts Field Recycled . | . . . . . Retrieved Matter . | . . . . . Parts Self-Destructed 5 | . . . 5 . Prevented . | . . . . . Kills | -11 -10 -10 -10 -8 ------- Run | Yrd Mat Min Sub Mat Combat Hostiles Destroyed 17 | . 4 3 4 6 Guns 12 | . 4 3 3 2 Cannons 4 | . . . 1 3 Classes Destroyed 7 | 2 2 . 1 2 Tunneler 4 | 4 . . . . Recycler 1 | 1 . . . . Watcher 1 | . 1 . . . Swarmer 7 | . 4 3 . . Grunt 5 | . . . . 5 Sentry 1 | . . . . 1 Subdweller 4 | . . . 4 . Best Kill Streak 3 | 3 3 3 2 3 Combat Bots Only 3 | . 3 3 2 3 Max Kills in Single Turn 1 | 1 1 1 1 1 Gunslinging . | . . . . . Exploded . | . . . . . Melee . | . . . . . Uniques/NPCs Destroyed . | . . . . . Combat | -11 -10 -10 -10 -8 -------- Run | Yrd Mat Min Sub Mat Hostile Shots Fired 238 | . 55 17 26 140 Missed 60 | . 16 3 13 28 Damage Taken 2551 | . 308 111 349 1783 Core 695 | . 30 24 86 555 Absorbed by Shields . | . . . . . Core Remaining (%) 72 | 100 . . 44 . Volleys Fired 91 | 12 23 7 26 23 Largest 2 | 2 2 2 2 2 Hottest 111 | 60 60 60 100 111 Shots Fired 156 | 23 45 14 38 36 Gun 136 | 23 45 14 30 24 Cannon 20 | . . . 8 12 Launcher . | . . . . . Special . | . . . . . Kinetic 88 | 12 23 8 30 15 Thermal 66 | 11 22 6 8 19 Explosive . | . . . . . Electromagnetic 2 | . . . . 2 Robot Hit Streak 20 | 3 5 3 20 11 Robot Miss Streak 5 | 5 4 2 2 4 Penetration Max . | . . . . . Secondary Targets 3 | . 2 1 . . Max Gunslinging Chain 1 | . 1 1 . . Shots Hit Robots 90 | 11 21 8 27 23 Core Hits 41 | 8 10 3 8 12 Critical Kills 2 | . . . 1 1 Critical Parts Destroyed . | . . . . . Critical Strikes 2 | . . . 1 1 Meltdown 1 | . . . . 1 Destroy 1 | . . . 1 . Melee Attacks . | . . . . . Impact . | . . . . . Slashing . | . . . . . Piercing . | . . . . . Sneak Attacks . | . . . . . Combat Hostiles . | . . . . . Follow-up Attacks . | . . . . . Damage Inflicted 1195 | 126 196 85 262 526 Guns 852 | 126 196 85 204 241 Cannons 337 | . . . 58 279 Explosions . | . . . . . Melee . | . . . . . Ramming 6 | . . . . 6 Kinetic 476 | 73 85 22 204 92 Thermal 685 | 53 111 63 58 400 Explosive . | . . . . . Electromagnetic 28 | . . . . 28 Impact . | . . . . . Slashing . | . . . . . Piercing . | . . . . . Highest Corruption . | . . . . . Average Corruption . | . . . . . Corruption Purged . | . . . . . Corruption Blocked . | . . . . . Overload Shots . | . . . . . Overflow Damage . | . . . . . Projectiles . | . . . . . Explosions . | . . . . . Melee . | . . . . . Knockbacks . | . . . . . Impact . | . . . . . Kinetic . | . . . . . Secondary . | . . . . . Self-Inflicted Damage 3 | . . . . 3 Shots . | . . . . . Rammed 2 | . . . . 2 Targets Rammed 2 | . . . . 2 Kicked . | . . . . . Crushed . | . . . . . Highest Temperature 349 | 40 60 20 249 349 Average Temperature 93 | 20 29 11 69 175 Received Heat Transfer 1298 | . . . 335 963 Effects 3 | . . . . 3 Interference 1 | . . . . 1 Matter Decay 1 | . . . . 1 Damage (minor) 1 | . . . . 1 Siege Activations . | . . . . . Robots Corrupted . | . . . . . Combat Hostiles . | . . . . . Parts Fried . | . . . . . Impact Corruptions . | . . . . . Robots Melted 1 | . . . . 1 Combat Hostiles 1 | . . . . 1 Parts Melted 3 | . . 1 1 1 Heat Transferred 1265 | 125 250 150 74 666 Parts Sabotaged . | . . . . . Parts Stolen . | . . . . . Parts Stripped . | . . . . . Power Chain Reactions . | . . . . . Alert | -11 -10 -10 -10 -8 ------- Run | Yrd Mat Min Sub Mat Peak Influence 203 | 25 158 111 . 203 Initial 61 | . 16 61 . . Average 71 | 7 70 109 . 82 Maximum Alert Level 1 | . . . . 1 Low Security (%) 99 | 100 100 100 . 99 Level 1 . | . . . . . Level 2 . | . . . . . Level 3 . | . . . . . Level 4 . | . . . . . Level 5 . | . . . . . High Security . | . . . . . Max Security . | . . . . . Squads Dispatched 5 | . . . . 5 Investigation 2 | . . . . 2 Extermination . | . . . . . Reinforcement 1 | . . . . 1 Assault . | . . . . . Garrison 2 | . . . . 2 Intercept . | . . . . . Searches Triggered . | . . . . . Construction Impeded . | . . . . . Haulers Reinforced . | . . . . . Active Scanning Responses . | . . . . . Cargo Convoy Interrupts . | . . . . . Stealth | -11 -10 -10 -10 -8 --------- Run | Yrd Mat Min Sub Mat Distress Signals 2 | . 2 . . . Communications Jammed . | . . . . . Distress Signals . | . . . . . Times Spotted 40 | . 12 3 4 21 Peak Tracking Total 11 | . 6 3 2 11 Tactical Retreats 4 | . . . . 4 Traps | -11 -10 -10 -10 -8 ------- Run | Yrd Mat Min Sub Mat Traps Triggered 1 | . . . . 1 Indirectly . | . . . . . Trap Hack Attempts . | . . . . . Triggered . | . . . . . Disarmed . | . . . . . Reprogrammed . | . . . . . Reused . | . . . . . Traps Extracted . | . . . . . Installed . | . . . . . Triggered . | . . . . . Machines | -11 -10 -10 -10 -8 ---------- Run | Yrd Mat Min Sub Mat Machines Disabled . | . . . . . Max in Single Turn . | . . . . . Machines Repaired . | . . . . . Machines Dismantled . | . . . . . Machines Sabotaged . | . . . . . Overloaded Fab Kills . | . . . . . Hacking | -11 -10 -10 -10 -8 --------- Run | Yrd Mat Min Sub Mat Machines Accessed 3 | . . . 1 2 Terminals 2 | . . . . 2 Fabricators . | . . . . . Repair Stations . | . . . . . Recycling Units . | . . . . . Scanalyzers . | . . . . . Garrison Access . | . . . . . Total Hacks 10 | . . . 3 7 Successful 7 | . . . 3 4 Failed 3 | . . . . 3 Catastrophic . | . . . . . Database Lockouts . | . . . . . Manual 4 | . . . . 4 Terminals 7 | . . . . 7 Fabricators . | . . . . . Repair Stations . | . . . . . Recycling Units . | . . . . . Scanalyzers . | . . . . . Garrison Access . | . . . . . Terminal Hacks 5 | . . . 3 2 Record 3 | . . . 3 . Branch Access Points 1 | . . . . 1 Alert Level 1 | . . . . 1 Fabricator Hacks . | . . . . . Repair Station Hacks . | . . . . . Recycling Unit Hacks . | . . . . . Scanalyzer . | . . . . . Garrison Access Hacks . | . . . . . Unauthorized Hacks 2 | . . . . 2 Terminals 2 | . . . . 2 Botnet 1 | . . . . 1 Sabotage 1 | . . . . 1 Fabricators . | . . . . . Repair Stations . | . . . . . Recycling Units . | . . . . . Scanalyzers . | . . . . . Garrison Access . | . . . . . Data Cores Recovered . | . . . . . Used . | . . . . . Hacking Detections 2 | . . . . 2 Full Trace Events . | . . . . . Feedback Events . | . . . . . Feedback Blocked . | . . . . . Robot Schematics Acquired . | . . . . . Robots Built . | . . . . . Authchips . | . . . . . Time . | . . . . . Total Robot Build Rating . | . . . . . Part Schematics Acquired . | . . . . . Parts Built . | . . . . . Authchips . | . . . . . Time . | . . . . . Total Part Build Rating . | . . . . . Parts Repaired . | . . . . . Time . | . . . . . Parts Recycled . | . . . . . Recycled Matter . | . . . . . Retrieved Matter . | . . . . . Retrieved Components . | . . . . . Parts Scanalyzed . | . . . . . Part Schematics Acquired . | . . . . . Parts Damaged . | . . . . . Bothacking | -11 -10 -10 -10 -8 ------------ Run | Yrd Mat Min Sub Mat Used RIF Installer . | . . . . . Robots Hacked . | . . . . . Non-combat . | . . . . . Combat . | . . . . . Robot Hacks Applied . | . . . . . Relay Couplers Released . | . . . . . Fabnet Peak Effective % . | . . . . . Robots Rewired . | . . . . . Allies Hacked . | . . . . . Hacks Repelled . | . . . . . Allies | -11 -10 -10 -10 -8 -------- Run | Yrd Mat Min Sub Mat Total Allies . | . . . . . Largest Group . | . . . . . Highest-Rated Group . | . . . . . Highest-Rated Ally . | . . . . . Total Orders . | . . . . . Ally Attacks . | . . . . . Total Damage . | . . . . . Kills . | . . . . . Allies Corrupted . | . . . . . Allies Melted . | . . . . . Intel | -11 -10 -10 -10 -8 ------- Run | Yrd Mat Min Sub Mat Robot Analysis Total . | . . . . . Derelict Logs Recovered . | . . . . . Drone Launches . | . . . . . Drone Recoveries . | . . . . . Exploration | -11 -10 -10 -10 -8 ------------- Run | Yrd Mat Min Sub Mat Turns Passed 2104 | 264 363 351 729 397 Spaces Moved 1318 | 145 244 82 535 312 Core 140 | 3 . . . 137 Treads . | . . . . . Legs 927 | 142 244 82 454 5 Wheels 251 | . . . 81 170 Hover . | . . . . . Flight . | . . . . . Fastest Speed 50 | 50 120 120 110 50 Average Speed 113 | 118 120 120 120 93 Slowest Speed 400 | 120 120 120 190 400 Overloaded Moves . | . . . . . Propulsion Burnouts . | . . . . . Robots Hopped . | . . . . . Cave-ins Triggered . | . . . . . Exploration Rate (%) 29 | 6 44 19 48 29 Regions Visited 4 Branch Regions 2 Pre-discovered Areas . | . . . . . Known Exits Taken . | . . . . . Unknown Exits Taken 4 | 1 1 1 1 . Scrap Searched . | . . . . . Spaces Dug . | . . . . . Terrain Destroyed 2 | . . . 1 1 Melee . | . . . . . Projectile 2 | . . . 1 1 AOE . | . . . . . Terrain Rammed . | . . . . . Walls Destroyed . | . . . . . Machines Disabled . | . . . . . Actions | -11 -10 -10 -10 -8 --------- Run | Yrd Mat Min Sub Mat Total 1778 | 212 275 322 590 379 Wait 312 | 43 3 228 17 21 Move 1314 | 144 243 81 534 312 Hop . | . . . . . Pick Up 17 | 5 4 . 4 4 Fast Attach 15 | 7 . 1 4 3 Attach 6 | . . . 1 5 Detach 1 | . . . . 1 Swap 9 | 1 . 3 . 5 Drop 11 | . 2 2 4 3 Fire 91 | 12 23 7 26 23 Melee . | . . . . . Ram 2 | . . . . 2 Kick . | . . . . . Crush . | . . . . . Escape Stasis . | . . . . . Rewire . | . . . . . Trap . | . . . . . Miscellaneous . | . . . . . Route ------- -11/Scrapyard -10/Materials (discovered 2 exits: [*Min x2]) -10/Mines (discovered 2 exits: [*Mat] / *Sub) -10/Subcaves (discovered 2 exits: *Mat x2) -8/Materials History --------- Turn | Location | Event 4 | -11/Scrapyard | Discovered new exit (range 16) 265 | -11/Scrapyard | Entered Materials 304 | -10/Materials | Build established: Mutant 522 | -10/Materials | Discovered new exit (range 8) 615 | -10/Materials | Discovered new exit (range 9) 628 | -10/Materials | Entered Mines 702 | -10/Mines | Discovered new exit (range 8) 972 | -10/Mines | Discovered new exit (range 4) 979 | -10/Mines | Entered Subcaves 997 | -10/Subcaves | Discovered new exit (range 12) 1003 | -10/Subcaves | Visited Clippyterm 1007 | -10/Subcaves | Learned Factory emergency access door positions 1320 | -10/Subcaves | A swath of the cavern ceiling suddenly collapsed 1487 | -10/Subcaves | Shifting Twisted Machinery released Mak. System Restoration Module 1520 | -10/Subcaves | Shifting Twisted Machinery released Scrap Shield 1574 | -10/Subcaves | Core integrity fell below 50% 1616 | -10/Subcaves | Shifting Twisted Machinery released Scrap Shield 1619 | -10/Subcaves | Shifting Twisted Machinery released Mak. Light Armor Plating 1659 | -10/Subcaves | A swath of the cavern ceiling suddenly collapsed 1674 | -10/Subcaves | Shifting Twisted Machinery released Sub. Power Source 1692 | -10/Subcaves | Discovered new exit (range 11) 1701 | -10/Subcaves | Shifting Twisted Machinery released Sub. Laser 1708 | -10/Subcaves | Entered Materials 1708 | -8/Materials | Evolved 4 slots: Propulsion x2, Utility x2 1943 | -8/Materials | Garrison activated, responded to threat 2015 | -8/Materials | Lost 5 parts (1p3n1w) 2025 | -8/Materials | Released all parts (4) 2055 | -8/Materials | Lost 4 parts (1n2u1w) 2077 | -8/Materials | Core integrity fell below 50% 2092 | -8/Materials | Core integrity fell below 20% 2105 | -8/Materials | Destroyed by G-47 Trooper with Particle Gun Last Messages --------------- 02034_ Dropped Scrap Shield. 02035_ Acquired Melee Analysis Suite. 02043_ K-01 Serf cleans the Material Compactor. 02062_ Connecting with Terminal... >>Force(Sabotage) SYSTEM_VULNERABLE[Fusion Modulator] NETWORK_OVERLOAD_FAIL 02062_ ALERT: Suspicious activity at Terminal M004. Dispatching Investigation squad. 02069_ Acquired EM Pulse Cannon. 02076_ Slammed into G-47 Trooper. 02078_ EM Pulse Cannon destroyed. 02091_ Penetrated by Slug. 02094_ Slug penetrates Wall. 02097_ K-01 Serf collects debris. 02099_ Triggered Alarm Trap. 02099_ An alarm sounds. 02099_ ALERT: Alarm triggered, dispatching investigation squad. 02101_ K-01 Serf collects debris. 02105_ U-05 Engineer destroyed. Map ----- +----------------------------------------------------+ | ????????# "G" ?# """"" #????????????????? | | ???????## " " ] # """ #????????????????? | | ???????# # #????????????????? | | ???????????""""" / #????????????????? | | ???????????""""" # ######????????????????? | | ???????????""""" # #?????????????????????? | | ??????????? ?# #?????????????????????? | | ????????########## #?????????????????????? | | ????????# #?????????????????????? | | ????????# #?????????????????????? | | ##??????# #?????????????????????? | | #??????# #?????????????????????? | | #??????# #?????????????????????? | | #??????# ########## #?????????????????????? | | #??????# ## ]# a#?????????????????????? | | #??????# ##= # #?????????????????????? | | #?????## ## """"" # w #?????????????????????? | | ##?????# # %"""" # #?????????????????????? | | ####### [!#%%"""" # #?????????????????????? | | [*!#[""""" # g #?????????????????????? | | T *=/%""""" # #?????????????????????? | | #!""""" # #?????????????????????? | | ####### # """""?# #?????????????????????? | | ##?????# # ?# #?????????????????????? | | ???????### ### #g t#?????????????????????? | | ?????????# #?######### @ #?????????????????????? | | #????????# #?# # #?????????????????????? | | #????????# #?# + #?????????????????????? | | #????????# #?# [ #%! #?????????????????????? | | #????????# #?#########= #?????????????????????? | | #??????### ###?????### ###???????????????????? | | #??????# #?????# #???????????????????? | | #??????# ####### #???????????????????? | | #??????# Y #???????????????????? | | #??????# #???????????????????? | | #??????# k #???????????????????? | | ???????# ####### ????????????????? | | ???????# #?????# #### #??????????????? | | ???????#########?????#########???????????????????? | | ?????????????????????????????????????????????????? | | ?????????????????????????????????????????????????? | | ?????????????????????????????????????????????????? | | ?????????????????????????????????????????????????? | | ?????????????????????????????????????????????????? | | ?????????????????????????????????????????????????? | | ?????????????????????????????????????????????????? | | ?????????????????????????????????????????????????? | | ?????????????????????????????????????????????????? | | ?????????????????????????????????????????????????? | | ?????????????????????????????????????????????????? | +----------------------------------------------------+ Best States ------------- Heat Dissipation 45 Energy Generation 15 Energy Capacity 265 Matter Stores 300 Matter Capacity 300 Sight Range 16 Terrain Scan Density 10 Armor Coverage 900 Evasion (%) 55 Item Schematics ----------------- None Robot Schematics ------------------ None Fabricated ------------ Nothing Alien Tech Used ----------------- None Achievements -------------- None Challenges ------------ None Game ------ Seed LauncherBiomechanicalUnit Manual? 0 Play Time 00:23:26 Cumulative 65.6 hours Start 2024.08.26 @ 23:44:20 End 2024.08.27 @ 17:29:45 Sessions 1 Manual Loads 0 Difficulty Rogue Special Mode None Game No. 87 Rogue 87 Adventurer 0 Explorer 0 Win Type - Total 0 Types 0/0/0/0/0/0/0/0/0 Lore% 34 Gallery% 35 Achievement% 38 Wizard Run 0 Options --------- Layout 0 ASCII 0 Keyboard 0 Movement Arrows Keybinds 0 Fullscreen 1 Font 20/SmallcapsGlow Map View 66x50 Zoom Use 0% Tactical HUD 1 Map Filters NONE Filters NONE Steam 1 RUN: de9100da-4fa9-4081-8ec1-486ca2885b16